 Dungeon Crawl Stone Soup version 0.29.0-4-gdea44cf6ec (webtiles) character file.

Game seed: 14853730855102227009

5 qw the Sneak (level 1, 0/14 HPs)
             Began as a Gargoyle Delver on Sept 10, 2022.
             Slain by a phantom (2 damage)
             ... on level 5 of the Dungeon.
             The game lasted 00:00:01 (27 turns).

qw the Sneak (Gargoyle Delver)                        Turns: 27, Time: 00:00:02

Health: 0/14       AC:  5    Str: 15    XL:     1   Next: 80%
Magic:  1/1        EV: 11    Int: 10    God:
Gold:   0          SH:  0    Dex: 11    Spells: 0/0 levels left

rFire   . . .      SeeInvis .   a - +0 hand axe
rCold   . . .      Faith    .   (no shield)
rNeg    + . .      Spirit   .   b - +0 leather armour
rPois   inf        Reflect  .   (no helmet)
rElec   +          Harm     .   (no cloak)
rCorr   .          Rampage  .   (no gloves)
Will    .....                   (no boots)
Stlth   +++.......              (no amulet)
HPRegen 0.04/turn               (no ring)
MPRegen 0.07/turn               (no ring)

@: no status effects
A: sickness immunity, AC +2, negative energy resistance 1, electricity
resistance, torment resistance 1, petrification resistance
a: no special abilities


You were on level 5 of the Dungeon.
You visited 1 branch of the dungeon, and saw 1 of its levels.


Innate Abilities, Weirdness & Mutations

You are immune to sickness and miasma.
Your stone body is resilient. (AC +2)
You are immune to poison.
You resist negative energy. (rN+)
You are resistant to electric shocks. (rElec)
You are resistant to unholy torment.
You are immune to petrification.


   Skills:
 - Level 3.2 Fighting
 + Level 2.2 Axes
 - Level 1.5 Dodging
 - Level 5.4 Stealth


You couldn't memorise any spells.
You didn't know any spells.
Your spell library was empty.

Inventory:

Hand Weapons
 a - a +0 hand axe (weapon)
Armour
 b - a +0 leather armour (worn)
Wands
 g - a wand of digging (3)
Scrolls
 c - a scroll of fog
 d - a scroll of magic mapping
 e - a scroll of fear
Potions
 f - a potion of haste

Dungeon Overview and Level Annotations

Branches:
Dungeon (5/15)
 Temple: D:4-7

Altars:


Message History

The ufetubus shouts!
A phantom comes into view.
17 ||| Stepping ~*~*~tactically~*~*~ (stealth).
The ufetubus closely misses you. The ufetubus misses you.
You closely miss the ufetubus.
The ufetubus hits you but does no damage.
The ufetubus closely misses you. x3
You hit the ufetubus.
The ufetubus is lightly wounded.
The ufetubus hits you but does no damage. x3
The ufetubus barely misses you.
You closely miss the ufetubus.
The ufetubus is lightly wounded.
The ufetubus hits you. The ufetubus closely misses you.
You closely miss the ufetubus.
The ufetubus is lightly wounded.
You barely miss the phantom. The ufetubus hits you.
The ufetubus hits you but does no damage.
The phantom closely misses you. The ufetubus closely misses you.
The ufetubus hits you.
You hit the ufetubus.
The ufetubus is severely wounded.
You barely miss the phantom. The ufetubus closely misses you.
The ufetubus barely misses you. The phantom misses you.
The ufetubus barely misses you. x2
The phantom hits you.
The phantom blinks!
You blink.
You closely miss the phantom. The ufetubus closely misses you.
The ufetubus hits you.
The phantom hits you but does no damage.
You hit the ufetubus.
You kill the ufetubus!
You closely miss the phantom. The phantom hits you.
The phantom blinks!
You blink.
Found a stone staircase leading up.
Your Axes skill increases to level 2!
Enter note: You hit the phantom but do no damage.
The phantom hits you.
You die...

...............
...............
.............. .
#............
...#............ .
............... ..
##..............
...#.......@W....#
.............###
#............#
#.#...¤...........
##.....¤.......<..#
....##...##.......#
....#....##........
..........##........
........?.##.##.....


You could see a phantom.

Vanquished Creatures
  An ufetubus (D:5)
1 creature vanquished.

Notes
Turn   | Place    | Note
-------+----------+-------------------------------------------
     0 | D:5      | qw the Gargoyle Delver began the quest for the Orb.
     0 | D:5      | Reached XP level 1. HP: 14/14 MP: 1/1
     0 | D:5      | 0 ||| qw: Version: 0.1-a-116-g5d60599
     0 | D:5      | 0 ||| qw: Game counter: 8600
     0 | D:5      | 0 ||| qw: Always use a shield: true
     0 | D:5      | 0 ||| qw: God list: Okawaru
     0 | D:5      | 0 ||| qw: Allow faded altars: false
     0 | D:5      | 0 ||| qw: Do Orc after D:15 true
     0 | D:5      | 0 ||| qw: Do second Lair branch before Depths: true
     0 | D:5      | 0 ||| qw: Lair rune preference: random
     0 | D:5      | 0 ||| qw: Plans: Normal
     0 | D:5      | 0 ||| PLANNING D:1-11
    16 | D:5      | Noticed a phantom
    17 | D:5      | 17 ||| Stepping ~*~*~tactically~*~*~ (stealth).
    26 | D:5      | HP: 2/14 [phantom (4)]
    27 | D:5      | Slain by a phantom

Levels and vault maps discovered:
D:5:      layout_cave_pools, lemuel_round_altar, serial_shops, shop

Skill      XL: |  1 |
---------------+----+-----
Axes           | 2 |  2.2
Fighting       | |  3.2
Dodging        | |  1.5
Stealth        | |  5.4

Action                   || total
-------------------------++-------
Melee: Hand axe          ||     8
Armor: Leather armour    ||     6
Dodge: Dodged            ||    15

Table legend:
 A = Non-vault XP
 B = Vault XP
 C = Vault XP percentage of total XP
 D = Non-vault monster count
 E = Vault monster count
 F = Vault count percentage of total count
                 A         B        C        D         E       F
            +---------+---------+-------+---------+---------+-------
      Total |       8 |       0 |   0.0 |       1 |       0 |   0.0
            +---------+---------+-------+---------+---------+-------
        D:5 |       8 |       0 |   0.0 |       1 |       0 |   0.0
            +---------+---------+-------+---------+---------+-------
